[ AOE2 MATCH · #458668134 ]
UnrankedMagyars vs Persians
[ REPLAY ANALYSIS · EXTRACTED FROM THE RECORDED GAME ]
Feudal
—
Castle
—
Imperial
—
| APM avg | 8.4 |
| APM peak | 18 |
| eAPM avg | 6.5 |
| Villagers / military | 34 / 0 |
Focus
⚔️ 2.0% · 🌾 98.0%
Feudal
15:34
Castle
—
Imperial
—
| APM avg | 33.3 |
| APM peak | 73 |
| eAPM avg | 13.3 |
| Villagers / military | 43 / 0 |
Focus
⚔️ 20.6% · 🌾 79.4%
Unknown (2550) ×18
Feudal
9:15
Castle
—
Imperial
—
| APM avg | 39.7 |
| APM peak | 82 |
| eAPM avg | 12.8 |
| Villagers / military | 43 / 0 |
Focus
⚔️ 9.5% · 🌾 90.5%
Feudal
10:57
Castle
—
Imperial
—
| APM avg | 21.3 |
| APM peak | 35 |
| eAPM avg | 13.4 |
| Villagers / military | 42 / 4 |
Focus
⚔️ 8.7% · 🌾 91.3%
Archer ×4
Feudal
12:04
Castle
—
Imperial
—
| APM avg | 23.3 |
| APM peak | 49 |
| eAPM avg | 8.1 |
| Villagers / military | 35 / 6 |
Focus
⚔️ 13.4% · 🌾 86.6%
Fishing Ship ×10 · Archer ×6
Feudal
11:58
Castle
—
Imperial
—
| APM avg | 15.8 |
| APM peak | 40 |
| eAPM avg | 7.4 |
| Villagers / military | 28 / 4 |
Focus
⚔️ 14.4% · 🌾 85.6%
Militia ×2 · Fire Galley ×1 · Fishing Ship ×1 · Demolition Raft ×1
Match map
Initial resources + every placement click. Lines = walls · curves = elevation contours. ◆ gold · ⬟ stone · ● berries · ✦ relic · ◌ wall gap
Inputs per minute
— Drungler - - Bart Harley Jarvis
Build order — Drungler
67 actions detected in the replay
| 0:03 | Create | Villager (Male) |
| 0:03 | Create | Villager (Male) |
| 0:04 | Create | Villager (Male) |
| 0:04 | Create | Villager (Male) |
| 0:04 | Create | Villager (Male) |
| 0:12 | Build | House |
| 0:13 | Build | House |
| 1:30 | Create | Villager (Male) |
| 1:43 | Research | Loom |
| 2:08 | Create | Villager (Male) |
| 2:08 | Create | Villager (Male) |
| 2:47 | Create | Villager (Male) |
| 3:08 | Create | Villager (Male) |
| 3:17 | Build | Lumber Camp |
| 3:44 | Create | Villager (Male) |
| 3:54 | Create | Villager (Male) |
| 4:06 | Build | House |
| 4:07 | Build | House |
| 4:49 | Build | Mill |
| 5:10 | Create | Villager (Male) |
| 5:10 | Create | Villager (Male) |
| 5:35 | Create | Villager (Male) |
| 5:58 | Create | Villager (Male) |
| 6:23 | Create | Villager (Male) |
| 6:51 | Create | Villager (Male) |
| 7:15 | Create | Villager (Male) |
| 7:41 | Create | Villager (Male) |
| 8:01 | Create | Villager (Male) |
| 8:14 | Build | House |
| 8:15 | Build | House |
| 8:39 | Build | Mining Camp |
| 9:19 | Create | Villager (Male) |
| 9:46 | Create | Villager (Male) |
| 9:53 | Build | Barracks |
| 10:20 | Create | Villager (Male) |
| 10:46 | Create | Villager (Male) |
| 11:59 | Build | Mining Camp |
| 12:03 | Research | Feudal Age |
| 13:29 | Create | Villager (Male) |
| 13:29 | Create | Villager (Male) |
| 13:29 | Create | Villager (Male) |
| 13:30 | Create | Villager (Male) |
| 13:30 | Create | Villager (Male) |
| 13:53 | Build | Farm |
| 13:54 | Build | Farm |
| 13:56 | Build | Farm |
| 13:58 | Build | Farm |
| 13:59 | Build | Farm |
| 14:01 | Build | Farm |
| 14:03 | Build | Farm |
| 14:17 | Research | Horse Collar |
| 14:22 | Research | Double-Bit Axe |
| 15:02 | Create | Villager (Male) |
| 15:02 | Create | Villager (Male) |
| 15:19 | Research | Gold Mining |
| 15:21 | Research | Stone Mining |
| 15:39 | Create | Villager (Male) |
| 16:19 | Create | Villager (Male) |
| 16:25 | Build | Archery Range |
| 16:37 | Build | House |
| 16:38 | Build | House |
| 16:50 | Build | Blacksmith |
| 17:08 | Build | Farm |
| 17:09 | Build | Farm |
| 17:10 | Build | Farm |
| 17:13 | Build | Farm |
| 17:16 | Build | Farm |
Build order — Bart Harley Jarvis
80 actions detected in the replay
| 0:00 | Create | Villager (Male) |
| 0:01 | Create | Villager (Male) |
| 0:02 | Build | House |
| 0:05 | Build | Barracks |
| 1:02 | Create | Villager (Male) |
| 1:02 | Create | Villager (Male) |
| 1:02 | Create | Villager (Male) |
| 1:38 | Create | Villager (Male) |
| 2:19 | Create | Villager (Male) |
| 2:19 | Create | Villager (Male) |
| 2:28 | Create | Villager (Male) |
| 2:28 | Create | Villager (Male) |
| 3:05 | Create | Villager (Male) |
| 3:05 | Create | Villager (Male) |
| 3:25 | Create | Villager (Male) |
| 3:26 | Create | Villager (Male) |
| 4:09 | Create | Villager (Male) |
| 4:10 | Create | Villager (Male) |
| 4:10 | Create | Villager (Male) |
| 4:52 | Research | Loom |
| 5:02 | Create | Villager (Male) |
| 5:02 | Create | Villager (Male) |
| 5:02 | Create | Villager (Male) |
| 5:22 | Build | Settlement |
| 5:37 | Create | Villager (Male) |
| 5:37 | Create | Villager (Male) |
| 6:03 | Create | Villager (Male) |
| 6:03 | Create | Villager (Male) |
| 6:04 | Create | Villager (Male) |
| 6:42 | Create | Villager (Male) |
| 6:42 | Create | Villager (Male) |
| 6:47 | Create | Unit 2550 |
| 7:34 | Create | Villager (Male) |
| 7:48 | Create | Unit 2550 |
| 7:48 | Create | Villager (Male) |
| 7:59 | Build | Settlement |
| 8:09 | Build | Settlement |
| 8:24 | Create | Unit 2550 |
| 8:25 | Create | Villager (Male) |
| 9:04 | Create | Villager (Male) |
| 9:04 | Create | Villager (Male) |
| 9:22 | Create | Villager (Male) |
| 9:29 | Create | Unit 2550 |
| 9:30 | Create | Unit 2550 |
| 9:45 | Build | Settlement |
| 9:52 | Create | Villager (Male) |
| 9:54 | Create | Unit 2550 |
| 10:15 | Build | Barracks |
| 10:31 | Create | Villager (Male) |
| 10:50 | Build | Farm |
| 10:58 | Create | Villager (Male) |
| 11:44 | Create | Villager (Male) |
| 11:45 | Create | Villager (Male) |
| 11:55 | Create | Unit 2550 |
| 11:55 | Create | Unit 2550 |
| 12:21 | Build | Farm |
| 12:23 | Build | Farm |
| 12:26 | Create | Villager (Male) |
| 12:50 | Create | Unit 2550 |
| 12:50 | Create | Unit 2550 |
| 13:02 | Build | Farm |
| 13:03 | Build | Farm |
| 13:24 | Research | Feudal Age |
| 13:39 | Build | House |
| 13:40 | Build | House |
| 13:47 | Create | Unit 2550 |
| 13:47 | Create | Unit 2550 |
| 14:10 | Create | Unit 2550 |
| 14:10 | Create | Unit 2550 |
| 14:30 | Create | Unit 2550 |
| 14:31 | Create | Unit 2550 |
| 14:56 | Create | Villager (Male) |
| 14:58 | Create | Unit 2550 |
| 14:58 | Create | Unit 2550 |
| 15:34 | Age | Feudal Age |
| 15:39 | Create | Villager (Male) |
| 16:01 | Research | Tech 1402 |
| 16:16 | Create | Villager (Male) |
| 16:24 | Build | Blacksmith |
| 17:10 | Create | Villager (Male) |
Build order — China No. 1 in the world谢曹
81 actions detected in the replay
| 0:01 | Create | Villager (Male) |
| 0:03 | Build | House |
| 0:05 | Build | House |
| 0:06 | Create | Villager (Male) |
| 0:06 | Create | Villager (Male) |
| 0:06 | Create | Villager (Male) |
| 0:07 | Create | Villager (Male) |
| 1:29 | Create | Villager (Male) |
| 2:03 | Create | Villager (Male) |
| 2:18 | Create | Villager (Male) |
| 2:18 | Create | Villager (Male) |
| 3:03 | Build | House |
| 3:05 | Build | House |
| 3:12 | Create | Villager (Male) |
| 3:12 | Create | Villager (Male) |
| 3:12 | Create | Villager (Male) |
| 3:13 | Create | Villager (Male) |
| 3:52 | Create | Villager (Male) |
| 3:52 | Create | Villager (Male) |
| 3:54 | Create | Villager (Male) |
| 4:03 | Build | Mill |
| 4:37 | Create | Villager (Male) |
| 4:37 | Create | Villager (Male) |
| 4:38 | Create | Villager (Male) |
| 4:58 | Build | Lumber Camp |
| 5:21 | Create | Villager (Male) |
| 5:42 | Create | Villager (Male) |
| 6:12 | Create | Villager (Male) |
| 6:47 | Create | Villager (Male) |
| 6:47 | Create | Villager (Male) |
| 7:03 | Create | Villager (Male) |
| 7:11 | Research | Feudal Age |
| 7:35 | Create | Villager (Male) |
| 8:35 | Research | Loom |
| 8:35 | Create | Villager (Male) |
| 8:36 | Create | Villager (Male) |
| 8:41 | Build | House |
| 8:43 | Build | House |
| 9:15 | Age | Feudal Age |
| 9:18 | Research | Double-Bit Axe |
| 9:19 | Create | Villager (Male) |
| 9:36 | Build | House |
| 9:40 | Research | Horse Collar |
| 9:42 | Create | Villager (Male) |
| 9:53 | Create | Villager (Male) |
| 10:11 | Build | Mining Camp |
| 10:36 | Build | House |
| 10:41 | Build | House |
| 10:43 | Build | House |
| 10:45 | Build | House |
| 10:48 | Build | House |
| 11:08 | Build | House |
| 11:32 | Create | Villager (Male) |
| 11:38 | Build | House |
| 11:42 | Build | Building 796 |
| 11:55 | Create | Villager (Male) |
| 12:21 | Build | Farm |
| 12:54 | Build | Lumber Camp |
| 13:06 | Create | Villager (Male) |
| 13:06 | Create | Villager (Male) |
| 13:15 | Create | Villager (Male) |
| 13:17 | Build | Farm |
| 13:18 | Build | Farm |
| 13:20 | Create | Villager (Male) |
| 13:38 | Build | Farm |
| 13:40 | Create | Villager (Male) |
| 14:27 | Build | House |
| 14:30 | Build | House |
| 14:45 | Build | Farm |
| 14:46 | Build | Farm |
| 14:48 | Create | Villager (Male) |
| 14:49 | Create | Villager (Male) |
| 15:09 | Build | Blacksmith |
| 15:14 | Create | Villager (Male) |
| 15:16 | Build | Farm |
| 15:17 | Build | Farm |
| 15:19 | Create | Villager (Male) |
| 15:37 | Build | Farm |
| 15:50 | Build | Market |
| 15:54 | Build | Farm |
| 16:04 | Create | Villager (Male) |
Build order — Darob
74 actions detected in the replay
| 0:06 | Create | Villager (Male) |
| 0:07 | Create | Villager (Male) |
| 0:07 | Create | Villager (Male) |
| 0:07 | Create | Villager (Male) |
| 0:12 | Build | House |
| 0:21 | Research | Loom |
| 1:13 | Build | House |
| 1:43 | Create | Villager (Male) |
| 1:43 | Create | Villager (Male) |
| 1:58 | Build | House |
| 2:19 | Create | Villager (Male) |
| 2:20 | Create | Villager (Male) |
| 2:20 | Create | Villager (Male) |
| 2:30 | Create | Villager (Male) |
| 2:30 | Create | Villager (Male) |
| 2:30 | Create | Villager (Male) |
| 2:35 | Build | House |
| 3:24 | Build | House |
| 3:35 | Create | Villager (Male) |
| 3:35 | Create | Villager (Male) |
| 3:35 | Create | Villager (Male) |
| 3:36 | Create | Villager (Male) |
| 3:36 | Create | Villager (Male) |
| 3:57 | Create | Villager (Male) |
| 4:20 | Create | Villager (Male) |
| 4:35 | Create | Villager (Male) |
| 4:35 | Create | Villager (Male) |
| 5:12 | Create | Villager (Male) |
| 5:12 | Create | Villager (Male) |
| 5:43 | Create | Villager (Male) |
| 5:43 | Create | Villager (Male) |
| 6:06 | Create | Villager (Male) |
| 6:06 | Create | Villager (Male) |
| 6:53 | Build | Mill |
| 7:05 | Build | Mill |
| 7:08 | Create | Villager (Male) |
| 7:35 | Build | Lumber Camp |
| 7:57 | Create | Villager (Male) |
| 7:57 | Create | Villager (Male) |
| 7:57 | Create | Villager (Male) |
| 8:44 | Research | Feudal Age |
| 8:54 | Build | Mill |
| 9:04 | Create | Villager (Male) |
| 9:04 | Create | Villager (Male) |
| 10:57 | Age | Feudal Age |
| 11:12 | Build | Lumber Camp |
| 11:16 | Create | Villager (Male) |
| 11:16 | Create | Villager (Male) |
| 11:23 | Research | Double-Bit Axe |
| 11:57 | Build | Market |
| 12:05 | Create | Villager (Male) |
| 12:11 | Build | House |
| 12:12 | Build | House |
| 12:31 | Build | Barracks |
| 12:52 | Create | Villager (Male) |
| 12:53 | Create | Villager (Male) |
| 12:53 | Create | Villager (Male) |
| 12:56 | Research | Town Watch |
| 13:16 | Build | Mining Camp |
| 13:27 | Build | Blacksmith |
| 13:53 | Build | Mining Camp |
| 13:56 | Create | Villager (Male) |
| 14:38 | Build | Archery Range |
| 15:46 | Create | Archer |
| 15:47 | Create | Archer |
| 15:54 | Create | Archer |
| 15:55 | Create | Archer |
| 16:17 | Create | Villager (Male) |
| 16:17 | Create | Villager (Male) |
| 16:47 | Build | Farm |
| 16:58 | Build | Farm |
| 17:01 | Build | Farm |
| 17:04 | Build | Farm |
| 17:07 | Build | Farm |
Build order — lovestosplooge
81 actions detected in the replay
| 0:01 | Create | Villager (Male) |
| 0:01 | Create | Villager (Male) |
| 0:02 | Create | Villager (Male) |
| 0:03 | Build | House |
| 0:06 | Build | House |
| 0:32 | Create | Villager (Male) |
| 0:32 | Create | Villager (Male) |
| 1:27 | Create | Villager (Male) |
| 2:04 | Create | Villager (Male) |
| 2:28 | Create | Villager (Male) |
| 2:28 | Create | Villager (Male) |
| 2:31 | Research | Loom |
| 3:08 | Create | Villager (Male) |
| 3:14 | Create | Villager (Male) |
| 3:46 | Build | Dock |
| 3:56 | Create | Villager (Male) |
| 3:56 | Create | Villager (Male) |
| 4:19 | Create | Villager (Male) |
| 4:25 | Create | Fishing Ship |
| 4:32 | Build | House |
| 4:50 | Create | Villager (Male) |
| 5:03 | Create | Fishing Ship |
| 5:17 | Create | Villager (Male) |
| 5:22 | Build | House |
| 6:00 | Create | Villager (Male) |
| 6:00 | Create | Villager (Male) |
| 6:07 | Create | Fishing Ship |
| 6:14 | Create | Villager (Male) |
| 6:21 | Build | House |
| 6:23 | Create | Villager (Male) |
| 6:52 | Build | Lumber Camp |
| 7:00 | Create | Villager (Male) |
| 7:24 | Create | Villager (Male) |
| 7:42 | Create | Fishing Ship |
| 7:42 | Create | Fishing Ship |
| 7:45 | Build | House |
| 8:15 | Create | Villager (Male) |
| 8:15 | Create | Villager (Male) |
| 8:16 | Create | Villager (Male) |
| 8:52 | Build | Mill |
| 9:32 | Research | Feudal Age |
| 9:43 | Build | Barracks |
| 10:02 | Create | Fishing Ship |
| 10:27 | Build | House |
| 10:57 | Build | Mining Camp |
| 11:22 | Build | Palisade Wall |
| 11:26 | Build | Palisade Gate |
| 11:31 | Build | House |
| 11:37 | Create | Fishing Ship |
| 12:04 | Age | Feudal Age |
| 12:05 | Research | Wheelbarrow |
| 12:09 | Research | Double-Bit Axe |
| 12:31 | Create | Villager (Male) |
| 12:32 | Create | Villager (Male) |
| 12:32 | Create | Villager (Male) |
| 12:54 | Build | Archery Range |
| 13:12 | Build | Mining Camp |
| 14:15 | Research | Stone Mining |
| 14:21 | Create | Archer |
| 14:21 | Create | Archer |
| 14:21 | Create | Archer |
| 14:22 | Create | Archer |
| 14:39 | Build | Stone Wall |
| 14:44 | Build | Building 487 |
| 14:51 | Create | Villager (Male) |
| 14:51 | Create | Villager (Male) |
| 14:52 | Create | Villager (Male) |
| 14:52 | Create | Villager (Male) |
| 14:53 | Create | Villager (Male) |
| 15:08 | Create | Fishing Ship |
| 15:08 | Create | Fishing Ship |
| 15:08 | Create | Fishing Ship |
| 15:32 | Build | Blacksmith |
| 15:44 | Build | Market |
| 15:59 | Build | Dock |
| 16:35 | Build | House |
| 16:36 | Build | House |
| 16:45 | Create | Villager (Male) |
| 16:45 | Create | Villager (Male) |
| 17:11 | Create | Archer |
| 17:11 | Create | Archer |
Build order — SB 打碎小粉紅
65 actions detected in the replay
| 0:11 | Build | House |
| 0:13 | Create | Villager (Male) |
| 0:13 | Create | Villager (Male) |
| 0:13 | Create | Villager (Male) |
| 0:14 | Create | Villager (Male) |
| 0:14 | Create | Villager (Male) |
| 0:14 | Create | Villager (Male) |
| 0:23 | Build | House |
| 1:45 | Create | Villager (Male) |
| 2:16 | Create | Villager (Male) |
| 2:30 | Create | Villager (Male) |
| 3:11 | Build | Lumber Camp |
| 3:28 | Create | Villager (Male) |
| 3:29 | Create | Villager (Male) |
| 4:00 | Build | House |
| 4:01 | Build | House |
| 4:04 | Create | Villager (Male) |
| 4:24 | Create | Villager (Male) |
| 4:34 | Build | Mill |
| 5:02 | Create | Villager (Male) |
| 5:03 | Create | Villager (Male) |
| 5:15 | Build | House |
| 5:30 | Create | Villager (Male) |
| 6:03 | Create | Villager (Male) |
| 6:33 | Create | Villager (Male) |
| 6:33 | Create | Villager (Male) |
| 6:33 | Create | Villager (Male) |
| 6:51 | Research | Loom |
| 6:51 | Create | Villager (Male) |
| 6:52 | Create | Villager (Male) |
| 7:02 | Build | Mining Camp |
| 7:18 | Create | Villager (Male) |
| 7:18 | Create | Villager (Male) |
| 7:19 | Create | Villager (Male) |
| 7:55 | Build | Mill |
| 8:05 | Create | Villager (Male) |
| 9:22 | Research | Feudal Age |
| 10:01 | Build | Dock |
| 10:06 | Build | House |
| 10:59 | Build | House |
| 11:42 | Build | Farm |
| 11:45 | Build | Farm |
| 11:51 | Build | Farm |
| 11:58 | Age | Feudal Age |
| 12:02 | Research | Wheelbarrow |
| 12:02 | Create | Villager (Male) |
| 12:02 | Create | Villager (Male) |
| 12:13 | Build | Market |
| 13:16 | Build | Blacksmith |
| 13:26 | Research | Double-Bit Axe |
| 13:42 | Create | Demolition Raft |
| 13:46 | Create | Fire Galley |
| 13:51 | Create | Fishing Ship |
| 14:17 | Build | Farm |
| 14:43 | Research | Castle Age |
| 15:13 | Build | Barracks |
| 15:35 | Build | House |
| 15:36 | Build | House |
| 15:38 | Build | House |
| 15:56 | Build | Farm |
| 15:58 | Build | Farm |
| 16:10 | Build | Lumber Camp |
| 16:16 | Research | Man-at-Arms (upgrade) |
| 17:02 | Create | Militia |
| 17:03 | Create | Militia |
Match timeline
| 0:05 | Bart Harley Jarvis · first_building Barracks |
| 3:46 | lovestosplooge · first_building Dock |
| 9:15 | China No. 1 in the world谢曹 · age_up feudal |
| 9:43 | lovestosplooge · first_building Barracks |
| 9:53 | Drungler · first_building Barracks |
| 10:01 | SB 打碎小粉紅 · first_building Dock |
| 10:57 | Darob · age_up feudal |
| 11:22 | lovestosplooge · wall_segment Palisade Wall x10 |
| 11:58 | SB 打碎小粉紅 · age_up feudal |
| 12:04 | lovestosplooge · age_up feudal |
| 12:31 | Darob · first_building Barracks |
| 12:54 | lovestosplooge · first_building Archery Range |
| 14:38 | Darob · first_building Archery Range |
| 14:39 | lovestosplooge · wall_segment Stone Wall x7 |
| 15:13 | SB 打碎小粉紅 · first_building Barracks |
| 15:34 | Bart Harley Jarvis · age_up feudal |
| 16:25 | Drungler · first_building Archery Range |
| 17:09 | China No. 1 in the world谢曹 · resign |
[ AI ANALYSIS · 1 CREDIT ]
What really happened in this match?
Wolo.gg analyzes every decision: build order, eco, micro, common mistakes by bracket. Personalized analysis on WhatsApp or Discord in 30 seconds.
Civ guide
Magyars
Perfil
Jugador #4702426